 Dungeon Crawl Stone Soup version 0.28-a0-114-g2bf3c13a2f (webtiles) character file.

Game seed: 2747641927983155007

196424 ipx the Devastator (level 17, -5/90 HPs)
             Began as a Deep Elf Ice Elementalist on Aug 12, 2021.
             Was the Champion of Vehumet.
             Slain by an azure jelly (11 damage)
             ... on level 2 of the Pits of Slime.
             The game lasted 03:12:03 (10254 turns).

ipx the Devastator (Deep Elf Ice Elementalist)     Turns: 10254, Time: 03:12:03

Health: -5/90      AC: 26    Str:  9    XL:     17   Next: 33%
Magic:  41/43      EV: 18    Int: 28    God:    Vehumet [******]
Gold:   828        SH:  5    Dex: 15    Spells: 4/38 levels left

rFire   + . .      SeeInvis .   a - +11 rapier of Kixtoani {vamp, rPois rF+ Str+4}
rCold   + . .      Faith    .   E - +0 buckler
rNeg    . . .      Spirit   .   P - +4 troll leather armour
rPois   +          Reflect  .   o - +2 helmet
rElec   +          Harm     .   R - +1 cloak {rPois}
rCorr   .          Rampage  .   (no gloves)
Will    +....                   V - +2 pair of boots
Stlth   ++........              M - amulet of magic regeneration
HPRegen 1.25/turn               r - ring "Udoxtythryski" {rElec MP+9}
MPRegen 0.53/turn               c - ring of protection from cold

@: ice-armoured, invisible
A: no striking features
}: 2/15 runes: decaying, serpentine
a: Renounce Religion


You were on level 2 of the Pits of Slime.
You worshipped Vehumet.
Vehumet was exalted by your worship.
You visited 5 branches of the dungeon, and saw 31 of its levels.
You also visited: Bailey, Gauntlet and Ice Cave.

You collected 1062 gold pieces.
You spent 234 gold pieces at shops.

Inventory:

Hand Weapons
 a - the +11 rapier of Kixtoani (weapon) {vamp, rPois rF+ Str+4}
   (You found it on level 12 of the Dungeon)

   It occasionally heals its wielder for a portion of the damage dealt when it
   wounds a living foe.
   Str:       It affects your strength (+4).
   rF:        It protects you from fire.
   rPois:     It protects you from poison.
Missiles
 j - a throwing net
 N - 5 curare-tipped darts (quivered)
Armour
 b - a +0 kite shield
 o - a +2 helmet (worn)
 E - a +0 buckler (worn)
 P - a +4 troll leather armour (worn)
 R - a +1 cloak of poison resistance (worn)
 V - a +2 pair of boots (worn)
Magical Staves
 x - a staff of cold
Jewellery
 c - a ring of protection from cold (right hand)
 e - a ring of positive energy
 k - a ring of fire
 m - a ring of willpower
 r - the ring "Udoxtythryski" (left hand) {rElec MP+9}
   (You bought it in a shop on level 7 of the Dungeon)

   [ring of magical power]

   rElec:     It insulates you from electricity.
   MP:        It affects your magic capacity (+9).
 v - a ring of see invisible
 w - a ring of wizardry
 z - the ring "Yklav" {rCorr Stlth+}
   (You found it in a Gauntlet)

   [ring of resist corrosion]

   rCorr:     It protects you from acid and corrosion.
   Stlth:     It makes you more stealthy.
 I - a +6 ring of intelligence
 J - an amulet of regeneration
 M - an amulet of magic regeneration (around neck)
Wands
 h - a wand of paralysis (1)
 D - a wand of mindburst (12)
 G - a wand of iceblast (12)
 Y - a wand of digging (2)
Scrolls
 d - a scroll of brand weapon {unknown}
 f - 3 scrolls of enchant weapon
 i - a scroll of amnesia
 l - 3 scrolls of enchant armour
 y - 2 scrolls of summoning
 L - 2 scrolls of torment
 Q - 2 scrolls of magic mapping
 S - a scroll of immolation {unknown}
 W - 6 scrolls of fog
 X - 2 scrolls of teleportation
Potions
 g - 2 potions of might
 p - 4 potions of lignification
 s - 5 potions of attraction
 t - 7 potions of mutation
 u - a potion of magic
 A - a potion of experience {unknown}
 C - a potion of resistance {unknown}
 F - 5 potions of ambrosia
 H - 3 potions of curing
 K - a potion of cancellation {unknown}
 O - 5 potions of flight
 T - 3 potions of haste
 U - 5 potions of brilliance
Miscellaneous
 n - a condenser vane
 Z - a tin of tremorstones (2/2)


   Skills:
 + Level 4.8 Fighting
 - Level 14.0 Short Blades
 - Level 6.0 Armour
 - Level 14.0 Dodging
 - Level 2.4 Stealth
 - Level 4.0 Shields
 + Level 11.4 Spellcasting
 - Level 16.0 Conjurations
 - Level 8.0 Hexes
 - Level 12.0 Ice Magic
 - Level 6.0 Earth Magic
 - Level 12.0 Evocations


You had 4 spell levels left.
You knew the following spells:

 Your Spells              Type           Power      Damage    Failure   Level
c - Freezing Cloud        Conj/Ice/Air   31%        6-21      1%          5
d - Orb of Destruction    Conj           40%        9d14      1%          7
e - Metabolic Englaciati  Hex/Ice        32%        N/A       1%          5
f - Dazzling Flash        Conj/Hex       100%       N/A       1%          3
i - Iron Shot             Conj/Erth      33%        9d7       2%          6
o - Ozocubu's Armour      Ice            70%        N/A       1%          3
r - Frozen Ramparts       Ice            100%       1d12      1%          3
w - Passwall              Tmut/Erth      26%        N/A       1%          2

Your spell library contained the following spells:

 Spells                   Type           Power      Damage    Failure   Level
 Magic Dart               Conj           100%       1d8       0%          1
 Freeze                   Ice            100%       1d11      1%          1
 Poisonous Vapours        Pois/Air       30%        N/A       1%          2
 Static Discharge         Conj/Air       57%        N/A       1%          2
 Mephitic Cloud           Conj/Pois/Air  45%        N/A       1%          3
 Stone Arrow              Conj/Erth      100%       3d13      1%          3
 Hailstorm                Conj/Ice       76%        3d16      1%          4
 Sting                    Tmut/Pois      60%        1d6       4%          1
 Ignite Poison            Fire/Tmut/Pois 15%        N/A       4%          3
 Call Imp                 Summ           15%        N/A       7%          2
 Corpse Rot               Necr/Air       N/A        N/A       7%          2
 Olgreb's Toxic Radiance  Pois           15%        N/A       12%         4
 Petrify                  Tmut/Erth      32%        N/A       13%         4
 Spider Form              Tmut/Pois      7%         N/A       14%         3
 Swiftness                Air            15%        N/A       14%         3
 Dispel Undead            Necr           15%        3d10      41%         4
 Bolt of Magma            Conj/Fire/Erth 27%        4d13      1%          5
 Irradiate                Conj/Tmut      28%        3d23      1%          5
 Invisibility             Hex            28%        N/A       26%         6
 Simulacrum               Ice/Necr       24%        N/A       52%         6
 Blade Hands              Tmut           7%         N/A       77%         5
 Eringya's Noxious Bog    Tmut/Pois      7%         N/A       83%         6
 Statue Form              Tmut/Erth      21%        N/A       90%         6
 Death Channel            Necr           7%         N/A       100%        6
 Dragon Form              Tmut           7%         N/A       100%        7
 Shatter                  Erth           24%        3d21*     100%        9


Dungeon Overview and Level Annotations

Branches:
Dungeon (14/15)              Lair (6/6) D:11          Swamp (4/4) Lair:3
  Snake (4/4) Lair:3        Slime (3/5) Lair:5          Orc (0/2) D:11
 Bailey (visited)           IceCv (visited)         Gauntlet (visited)
 Temple: D:4-7       Vaults: D:13-14

Altars:
Elyvilon
Gozag
Makhleb
Nemelex Xobeh
Ru
Vehumet
Wu Jian
Xom
The Shining One

Shops:
D:7 *   D:8 [

Annotations:
D:7 1 runed translucent door, graki42's ghost, novice OpCj
D:8 1 runed translucent door, ma3's ghost, novice DgFE
D:9 exclusion: downstairs
D:11 3 runed translucent doors
Snake:1 Frances
Snake:4 2 runed translucent doors


Message History

The slime creature hits you.
There is a stone staircase leading up, spattered with blood here.
Two slime creatures merge to form a large slime creature.
The azure jelly hits you. The azure jelly freezes you!! You resist.
* * * LOW HITPOINT WARNING * * *
The azure jelly closely misses you.
The azure jelly hits you but does no damage. x2
You block the slime creature's attack. x2; The slime creature misses you.
The slime creature hits you but does no damage.
You climb upwards.
There is a stone staircase leading down, spattered with blood here.
Casting: Ozocubu's Armour (safe; 1% risk of failure)
Confirm with . or Enter, or press ? or * to list all spells.
A film of ice covers your body! The azure jelly closely misses you.
The azure jelly misses you. The azure jelly hits you!
* * * LOW HITPOINT WARNING * * *
The azure jelly hits you.
* * * LOW HITPOINT WARNING * * *
A large slime creature splits.
You block the slime creature's attack. The slime creature barely misses you.
The slime creature hits you!
* * * LOW HITPOINT WARNING * * *
The slime creature hits you but does no damage.
Okay, then.
Okay, then.
Unknown command.
Press: ? - help, v - describe, . - travel
Here: an azure jelly The floor.
Okay, then.
Unknown command.
Unknown command.
Okay, then.
Press: ? - help, v - describe, . - travel
Here: an azure jelly The floor.
You fade into invisibility!
The azure jelly hits you.
* * * LOW HITPOINT WARNING * * *
The azure jelly freezes you! You resist.
You die...

............##
............#.#.
................
.............#...
.................
.................
.........JJJ.>....
..#...#..J@J......
.##.......JJ.....#.
.......#........##
...............###
................#
..#.............#
#..<.......#.##
#............###
...............#


You could see an azure jelly and 6 slime creatures.

Vanquished Creatures
  A bone dragon (Swamp:4)
  A tentacled monstrosity (Swamp:3)
  3 acid blobs
  3 nagarajas (Snake:4)
  A fenstrider witch (Swamp:2)
  2 rockslimes (Slime:1)
  2 azure jellies
  A ghoul (Swamp:4)
  A quicksilver ooze (Slime:3)
  A minotaur (Gauntlet)
  4 bunyips
  An eleionoma (Swamp:2)
  4 shambling mangroves
  2 great orbs of eyes
  11 hydras
  17 naga warriors
  A salamander tyrant (Snake:4)
  Fannar (Lair:3)
  2 catoblepae (Lair:6)
  Erica (D:10)
  4 anacondas
  4 ghost crabs
  4 two-headed ogres
  A death knight (D:12)
  4 alligators
  A deep troll shaman (Lair:6)
  14 death yaks
  Urug (Lair:6)
  5 shock serpents
  6 naga sharpshooters
  A sea snake (Snake:2)
  A skeletal warrior (D:12)
  5 goliath frogs
  A death drake (Swamp:4)
  6 naga ritualists
  A swamp dragon (Swamp:2)
  4 bog bodies
  3 spriggan druids
  3 phantasmal warriors
  2 spectral hydras (Swamp:4)
  2 mana vipers (Snake:1)
  2 ugly things (D:11)
  10 salamanders
  A manticore (D:12)
  An oklob plant (Lair:5)
  17 elephants (Lair:6)
  2 shining eyes (Slime:3)
  27 black mambas
  4 centaur zombies
  3 guardian serpents
  2 ice statues (Snake:1)
  20 naga magi
  4 cane toads
  5 komodo dragons
  2 rime drakes
  2 kobold demonologists
  2 freezing wraiths (D:12)
  4 swamp worm zombies (Swamp:4)
  3 hydra zombies (Swamp:4)
  6 polar bears
  A queen bee (D:10)
  3 bloated husks
  5 tyrant leeches
  3 trolls
  4 blink frogs
  3 spectral swamp dragons (Swamp:4)
  12 hornets
  3 alligator zombies (Swamp:4)
  33 slime creatures
  6 dream sheep (Lair:5)
  3 flying skulls (Gauntlet)
  4 spriggans
  A shadow (D:11)
  2 wyverns
  31 yaks
  3 basilisks
  A vampire (D:12)
  6 golden eyes
  3 steam dragons
  2 vampire mosquitoes (Lair:3)
  10 swamp worms
  An acid dragon (D:11)
  38 nagas
  6 water moccasins
  11 orc warriors
  A hornet zombie (D:8)
  A swamp drake (Swamp:2)
  Duvessa (D:5)
  4 black bears
  4 swamp dragon zombies (Swamp:4)
  A sky beast (D:8)
  5 ogres
  An ice dragon simulacrum (IceCv)
  7 wolves (Lair:6)
  3 centaurs
  4 phantoms (Swamp:4)
  3 kobold brigands
  9 bullfrogs
  A scorpion (D:11)
  3 gnoll sergeants (D:9)
  Dowan (D:5)
  17 killer bees (D:10)
  A wight (D:8)
  3 howler monkeys
  2 hounds
  A jelly (D:4)
  A centaur skeleton (D:4)
  7 orc priests
  3 gnoll shamans (D:11)
  7 orc wizards
  3 spectral swamp drakes (Swamp:4)
  2 howler monkey zombies
  Robin (D:3)
  6 adders
  21 gnolls
  A white imp (D:8)
  2 adder skeletons (D:4)
  A worm (D:2)
  A dart slug (D:2)
  25 orcs
  4 ball pythons
  6 endoplasms
  4 giant cockroaches
  8 goblins (D:3)
  15 hobgoblins
  8 jackals
  A quokka (D:1)
  3 bats
  2 frilled lizards
  21 kobolds
  2 rats (D:3)
673 creatures vanquished.

Vanquished Creatures (collateral kills)
  A hydra (Gauntlet)
  An obsidian statue (Gauntlet)
  A torpor snail (Gauntlet)
3 creatures vanquished.

Vanquished Creatures (others)
  4 spriggans
  A spriggan druid (Swamp:4)
  A wizard (D:12)
  A will-o-the-wisp (Swamp:2)
  A bloated husk (Swamp:4)
  A hornet (Swamp:3)
  A swamp worm (Swamp:2)
  A naga (Snake:1)
  A wolf (Lair:6)
  3 phantoms (Swamp:4)
  An orc (D:7)
  4 foxfires (Swamp:2)
  42 fungi
  67 plants
  4 withered plants (Gauntlet)
133 creatures vanquished.

Grand Total: 809 creatures vanquished

Notes
Turn   | Place    | Note
-------+----------+-------------------------------------------
     0 | D:1      | ipx the Deep Elf Ice Elementalist began the quest for the
                  | Orb.
     0 | D:1      | Reached XP level 1. HP: 10/10 MP: 6/6
    80 | D:1      | Reached XP level 2. HP: 15/15 MP: 4/8
   112 | D:1      | Reached skill level 5 in Ice Magic
   193 | D:1      | Found a faded altar of an unknown god.
   266 | D:2      | Reached XP level 3. HP: 19/19 MP: 4/9
   270 | D:2      | Learned a level 3 spell: Frozen Ramparts
   274 | D:2      | Learned a level 3 spell: Ozocubu's Armour
   600 | D:5      | Entered Level 5 of the Dungeon
   622 | D:3      | Noticed Robin
   631 | D:3      | Killed Robin
   632 | D:3      | Reached XP level 4. HP: 24/24 MP: 6/11
   654 | D:3      | Learned a level 4 spell: Hailstorm
   706 | D:4      | Noticed an ogre
   714 | D:4      | Killed an ogre
   715 | D:4      | Reached skill level 1 in Conjurations
   715 | D:4      | Reached XP level 5. HP: 28/28 MP: 2/13
   716 | D:4      | Reached skill level 2 in Conjurations
   723 | D:4      | Reached skill level 5 in Spellcasting
   781 | D:4      | Reached XP level 6. HP: 29/32 MP: 3/15
   881 | D:4      | Found a sparkling altar of Nemelex Xobeh.
  1053 | D:6      | Found an opulent altar of Gozag.
  1059 | D:6      | Reached skill level 3 in Conjurations
  1064 | D:7      | Found Maedgh's Assorted Antiques.
  1076 | D:7      | Noticed a steam dragon
  1103 | D:5      | Learned a level 5 spell: Metabolic Englaciation
  1140 | D:5      | Identified the +4 long sword of Itiffyghisu {freeze, Fly
                  | rElec Int-3 Stlth+}
  1224 | D:5      | Found a radiant altar of Vehumet.
  1229 | D:5      | Noticed Duvessa
  1229 | D:5      | Noticed Dowan
  1232 | D:5      | Became a worshipper of Vehumet
  1247 | D:5      | Killed Duvessa
  1248 | D:5      | Reached skill level 1 in Hexes
  1248 | D:5      | Reached XP level 7. HP: 36/36 MP: 8/18
  1249 | D:5      | Killed Dowan
  1250 | D:5      | Reached skill level 4 in Conjurations
  1323 | D:5      | You fall into a shaft and drop 3 floors!
  1406 | D:8      | Found a runed translucent door.
  1413 | D:8      | Noticed ma3's ghost (novice DgFE)
  1425 | D:8      | Found an ornate altar of the Wu Jian Council.
  1431 | D:8      | Noticed a steam dragon
  1502 | D:7      | Got Sif Muna's Volume of Unstable Confrontation
  1509 | D:7      | Found a runed translucent door.
  1509 | D:7      | Noticed graki42's ghost (novice OpCj)
  1518 | D:7      | Found a flagged portal.
  1524 | D:7      | Identified the +5 hand axe of Superiority {vorpal, Str-4
                  | Int+4 Dex+2}
  1527 | Bailey   | Entered a bailey
  1550 | Bailey   | Reached skill level 5 in Conjurations
  1570 | Bailey   | Reached * piety under Vehumet
  1570 | Bailey   | Offered knowledge of Shock by Vehumet.
  1647 | Bailey   | Reached skill level 5 in Hexes
  1649 | Bailey   | Reached ** piety under Vehumet
  1650 | Bailey   | Reached XP level 8. HP: 30/41 MP: 2/19
  1704 | D:7      | Acquired a staff of cold
  1759 | D:7      | Found a burning altar of Makhleb.
  1819 | D:7      | Offered knowledge of Static Discharge by Vehumet.
  1831 | D:7      | Reached skill level 6 in Conjurations
  1831 | D:7      | Reached skill level 1 in Evocations
  1839 | D:7      | Learned a level 2 spell: Static Discharge
  1852 | D:7      | Identified the +6 morningstar "Lytwom" {vorpal, Str+2}
  1868 | D:7      | Bought a scroll of identify for 52 gold pieces
  1868 | D:7      | Bought a scorched bone ring for 130 gold pieces
  1868 | D:7      | Identified the ring "Udoxtythryski" {rElec MP+9} (You
                  | bought it in a shop on level 7 of the Dungeon)
  1868 | D:7      | Bought a scroll of fog for 52 gold pieces
  1874 | D:7      | Learned a level 3 spell: Dazzling Flash
  1951 | D:9      | Found a glowing golden altar of the Shining One.
  1964 | D:10     | Entered Level 10 of the Dungeon
  2043 | D:9      | Noticed Prince Ribbit
  2048 | D:9      | Noticed Prince Ribbit
  2048 | D:9      | Prince Ribbit changed into Prince Ribbit the blink frog
  2054 | D:9      | Killed Prince Ribbit the blink frog
  2086 | D:9      | Noticed a troll
  2091 | D:9      | Killed a troll
  2092 | D:9      | Reached skill level 5 in Dodging
  2184 | D:11     | Found a runed translucent gate.
  2184 | D:11     | Found a runed translucent gate.
  2184 | D:11     | Noticed a spectral centaur warrior
  2185 | D:11     | Found a runed translucent gate.
  2193 | D:11     | Reached XP level 9. HP: 42/45 MP: 20/20
  2194 | D:11     | Found a staircase to the Orcish Mines.
  2209 | D:11     | Noticed a purple ugly thing
  2292 | D:10     | Noticed Erica
  2299 | D:10     | Killed Erica
  2324 | D:10     | Noticed a two-headed ogre
  2338 | D:10     | Killed a two-headed ogre
  2338 | D:10     | Offered knowledge of Conjure Flame by Vehumet.
  2339 | D:10     | Reached skill level 10 in Ice Magic
  2356 | D:10     | Found a white marble altar of Elyvilon.
  2465 | D:8      | Reached XP level 10. HP: 50/50 MP: 20/21
  2585 | D:9      | Reached *** piety under Vehumet
  2586 | D:9      | Reached skill level 10 in Dodging
  2607 | D:9      | Noticed a two-headed ogre
  2613 | D:9      | Killed a two-headed ogre
  2633 | D:9      | Reached skill level 1 in Fighting
  2743 | D:8      | Reached skill level 1 in Shields
  2821 | D:8      | Found Lymong's Armour Shoppe.
  2850 | D:8      | Offered knowledge of Mephitic Cloud by Vehumet.
  3065 | D:10     | Noticed a two-headed ogre
  3069 | D:10     | Killed a two-headed ogre
  3154 | D:10     | Reached XP level 11. HP: 54/58 MP: 22/24
  3183 | D:10     | Reached **** piety under Vehumet
  3416 | D:11     | Killed a purple ugly thing
  3451 | D:12     | Offered knowledge of Olgreb's Toxic Radiance by Vehumet.
  3532 | D:12     | Identified the +11 rapier of Kixtoani {vamp, rPois rF+
                  | Str+4}
  3549 | D:12     | Noticed a boulder beetle
  3604 | D:12     | Noticed a wizard
  3605 | D:12     | Found a gate leading to a gauntlet.
  3612 | D:12     | Killed a wizard
  3613 | D:12     | Reached skill level 1 in Short Blades
  3638 | Gauntlet | Entered a Gauntlet
  3638 | Gauntlet | Found a transporter.
  3638 | Gauntlet | Found a transporter.
  3638 | Gauntlet | Noticed a tengu warrior
  3640 | Gauntlet | Found a transporter.
  3643 | Gauntlet | Found a transporter.
  3658 | Gauntlet | Found a transporter.
  3660 | Gauntlet | Found a transporter.
  3660 | Gauntlet | Found a transporter.
  3723 | Gauntlet | Noticed a four-headed hydra
  3743 | Gauntlet | Found a transporter.
  3743 | Gauntlet | Found a transporter.
  3750 | Gauntlet | Killed a four-headed hydra
  3764 | Gauntlet | Noticed a green death
  3766 | Gauntlet | Noticed a reaper
  3768 | Gauntlet | Noticed an obsidian statue
  3769 | Gauntlet | Noticed a sun demon
  3778 | Gauntlet | Killed an obsidian statue
  3779 | Gauntlet | Found a transporter.
  3787 | Gauntlet | Identified the ring "Yklav" {rCorr Stlth+}
  3812 | Gauntlet | Noticed a minotaur
  3835 | Gauntlet | Killed a minotaur
  3836 | Gauntlet | Reached skill level 10 in Spellcasting
  3850 | Gauntlet | Identified the +13 ice dragon scales "Cyef" {rF- rC++ Int+4
                  | Slay+5}
  3914 | D:12     | Reached skill level 5 in Short Blades
  3918 | D:12     | Reached skill level 1 in Armour
  3928 | D:12     | Noticed a two-headed ogre
  3941 | D:12     | Killed a two-headed ogre
  3945 | D:12     | Noticed a skeletal warrior
  3974 | D:12     | Killed a skeletal warrior
  3975 | D:12     | Reached XP level 12. HP: 39/64 MP: 28/28
  4112 | D:12     | Noticed a death knight
  4127 | D:12     | Killed a death knight
  4569 | D:11     | Reached ***** piety under Vehumet
  4610 | D:11     | Found a staircase to the Lair.
  4611 | D:11     | Offered knowledge of Yara's Violent Unravelling by Vehumet.
  4617 | Lair:1   | Entered Level 1 of the Lair of Beasts
  4718 | Lair:2   | Noticed a six-headed hydra
  4724 | Lair:2   | Killed a six-headed hydra
  4786 | Lair:3   | Noticed a five-headed hydra
  4793 | Lair:3   | Killed a five-headed hydra
  4848 | Lair:3   | Found a staircase to the Snake Pit.
  4914 | Lair:3   | Found a staircase to the Swamp.
  4919 | Lair:3   | Reached skill level 10 in Short Blades
  4920 | Lair:3   | Reached skill level 5 in Armour
  4948 | Lair:3   | Found a shimmering altar of Xom.
  5089 | Lair:3   | Noticed Fannar
  5098 | Lair:3   | Killed Fannar
  5130 | Lair:5   | Reached XP level 13. HP: 60/68 MP: 18/29
  5147 | Lair:6   | Entered Level 6 of the Lair of Beasts
  5415 | Lair:6   | Reached skill level 5 in Evocations
  5831 | Lair:5   | Reached XP level 14. HP: 41/74 MP: 20/30
  5962 | Lair:6   | Noticed Urug
  5977 | Lair:6   | Killed Urug
  6171 | Snake:1  | Entered Level 1 of the Snake Pit
  6313 | Snake:1  | Found a sacrificial altar of Ru.
  6377 | Snake:1  | Found a frozen archway.
  6411 | IceCv    | Entered an ice cave
  6420 | IceCv    | Offered knowledge of Iron Shot by Vehumet.
  6426 | IceCv    | HP: 1/74 [golden dragon simulacrum (7)]
  6437 | Snake:1  | Learned a level 6 spell: Iron Shot
  6539 | Snake:2  | You fall into a shaft and drop 1 floor!
  6727 | Snake:3  | Reached skill level 7 in Conjurations
  6742 | Snake:2  | Reached skill level 10 in Evocations
  6940 | Snake:4  | Entered Level 4 of the Snake Pit
  6947 | Snake:4  | Reached skill level 8 in Conjurations
  6996 | Snake:4  | Reached skill level 1 in Earth Magic
  7242 | Snake:4  | Noticed a nagaraja
  7272 | Snake:4  | Killed a nagaraja
  7273 | Snake:4  | Reached XP level 15. HP: 67/78 MP: 20/31
  7296 | Snake:4  | Reached ****** piety under Vehumet
  7297 | Snake:4  | Reached skill level 9 in Conjurations
  7323 | Snake:4  | Found a large runed translucent door.
  7323 | Snake:4  | Found a large runed translucent door.
  7410 | Snake:4  | Offered knowledge of Orb of Destruction by Vehumet.
  7468 | Snake:4  | Learned a level 7 spell: Orb of Destruction
  7499 | Snake:4  | Reached skill level 5 in Earth Magic
  7500 | Snake:4  | Noticed a nagaraja
  7517 | Snake:4  | Killed a nagaraja
  7536 | Snake:4  | Reached skill level 10 in Conjurations
  7632 | Snake:4  | Noticed a nagaraja
  7637 | Snake:4  | Reached skill level 11 in Conjurations
  7653 | Snake:4  | Killed a nagaraja
  7699 | Snake:4  | Got a serpentine rune of Zot
  7784 | Snake:3  | Reached skill level 12 in Conjurations
  7904 | Snake:1  | Noticed Frances
  7990 | Swamp:1  | Entered Level 1 of the Swamp
  8134 | Swamp:2  | Noticed a fenstrider witch
  8195 | Swamp:2  | Reached skill level 13 in Conjurations
  8235 | Swamp:2  | Killed a fenstrider witch
  8236 | Swamp:2  | Reached XP level 16. HP: 56/83 MP: 23/32
  8248 | Swamp:3  | Noticed a tentacled monstrosity
  8255 | Swamp:2  | Offered knowledge of Starburst by Vehumet.
  8467 | Swamp:3  | Reached skill level 14 in Conjurations
  8526 | Swamp:3  | Killed a tentacled monstrosity
  8569 | Swamp:4  | Entered Level 4 of the Swamp
  8784 | Swamp:4  | Reached skill level 15 in Conjurations
  9028 | Swamp:4  | Noticed a bone dragon
  9054 | Swamp:4  | Killed a bone dragon
  9079 | Swamp:4  | Got a decaying rune of Zot
  9177 | Swamp:4  | Offered knowledge of Lightning Bolt by Vehumet.
  9436 | Lair:5   | Reached skill level 16 in Conjurations
  9570 | Lair:5   | Learned a level 2 spell: Passwall
  9652 | Lair:5   | Found a staircase to the Slime Pits.
  9662 | Slime:1  | Entered Level 1 of the Pits of Slime
  9693 | Slime:2  | Noticed an acid blob
  9698 | Slime:1  | Killed an acid blob
  9699 | Slime:1  | Reached XP level 17. HP: 87/87 MP: 27/33
  9892 | Slime:2  | Offered knowledge of Freezing Cloud by Vehumet.
  9902 | Slime:1  | Learned a level 5 spell: Freezing Cloud
 10114 | Slime:3  | Noticed an acid blob
 10121 | Slime:3  | Killed an acid blob
 10127 | Slime:3  | Noticed an acid blob
 10136 | Slime:3  | Killed an acid blob
 10254 | Slime:2  | Slain by an azure jelly

Illustrated notes

Levels and vault maps discovered:
D:1:      psy_arrival_spokes, layout_rooms, dreamdust_ecumenical_altar_grove
D:2:      layout_basic
D:3:      layout_rooms, fedhas_altar_2, nicolae_yredelemnul_ghost_church,
          uniq_natasha, uniq_robin
D:4:      layout_loops_cross, lemuel_coloured_pillars_altar,
          nemelex_dance_club_becter
D:5:      layout_basic, kennysheep_mini, nicolae_vehumet_radiance,
          minmay_temple_entry_nine_rooms, uniq_crazy_yiuf_cottage, uniq_ijyb,
          uniq_duvessa
D:6:      layout_loops_ring, amcnicky_altar_gilded, serial_shops,
          shop_fountains, amcnicky_mini_rare_corridor_liquid
D:7:      layout_basic, lightli_temple_of_fire, serial_shops,
          nicolae_shop_crystal, enter_bailey_2, gammafunk_ghost_grave,
          dk_vineyard_3
D:8:      layout_gridville, mainiacjoe_overflow_small_starburst,
          ebering_ghost_inner_flame, serial_shops, nicolae_take_the_stairs,
          kennysheep_dice
D:9:      minmay_octagon_keep, layout_long_grid, tso_oasis_becter, uniq_maurice,
          uniq_prince_ribbit1
D:10:     layout_loops_cross, lemuel_doored_altar,
          nicolae_elyvilon_peaceful_grove, minmay_misc_feat_diagonals,
          minivault_7, uniq_erica
D:11:     kennysheep_seaside_town, layout_loops_ring,
          grunt_lair_entry_orc_guard_hut, david_orc_2,
          gammafunk_ghost_necromancy, minmay_ruined_shrine
D:12:     minmay_cornered_nines, layout_basic, gauntlet_entry_generic
D:13:     layout_cave_pools, minmay_guarded_unrand_curses
D:14:     layout_stronghold, david_vaults_2, evilmike_ruin_ashenzari,
          chequers_avenue, uniq_nessos
Lair:1:   layout_gridlike, grunt_forest_stairs_basic, lemuel_fruit_tree,
          grunt_megastairs_5
Lair:2:   layout_gridlike
Lair:3:   layout_roguey, minmay_swamp_entry_swarm, guppyfry_snake_entry_island,
          basic_altar, uniq_fannar
Lair:4:   layout_gridlike, bobbens_dragon_lair_wall
Lair:5:   layout_cave_pods, dpeg_slime_entry_corner, serial_forest,
          infiniplex_forest_lined_3, infiniplex_forest_end_2,
          infiniplex_forest_side_room, infiniplex_forest_straight_2,
          infiniplex_forest_lined_2, infiniplex_forest_zigzag_1,
          infiniplex_forest_clump_double
Lair:6:   grunt_lair_end_beastmaster, layout_layer_cave, uniq_urug
Swamp:1:  layout_basic_swamp, evilmike_swamp_ruin_house_5
Swamp:2:  layout_basic_swamp, evilmike_swamp_ruin_house_3
Swamp:3:  layout_basic_swamp, evilmike_swamp_ruin_house_1
Swamp:4:  swamp_pestilence, layout_basic_swamp, nicolae_swamp_big_swirl
Snake:1:  layout_misc_corridors, portal_ice_cave_entry_ice_statue_two,
          basic_altar, uniq_frances
Snake:2:  layout_misc_corridors, serial_shops, nicolae_shop_stone,
          nicolae_snake_omega, serial_bayou_shore_a
Snake:3:  layout_basic, serial_shops, shop, abandoned_shop, grunt_megastairs_2
Snake:4:  snake_pit, layout_onion, ebering_ghost_disaster_area,
          serial_bayou_shore_b, serial_bayou_shore_b
Slime:1:  layout_caves
Slime:2:  layout_caves
Slime:3:  layout_caves

Skill      XL: |  1  2  3  4  5  6  7  8  9 10 11 12 13 14 15 16 17 |
---------------+----------------------------------------------------+-----
Ice Magic      | 5 6 7 8 10 12 | 12.0
Spellcasting   | 4 5 6 7 10 11 | 11.4
Conjurations   | 1 2 3 5 6 8 13 16 | 16.0
Hexes          | 1 5 6 8 |  8.0
Dodging        | 6 9 10 13 14 | 14.0
Evocations     | 1 2 3 7 11 12 | 12.0
Fighting       | 2 3 4 |  4.8
Shields        | 3 4 |  4.0
Short Blades   | 6 10 13 14 | 14.0
Armour         | 2 5 6 |  6.0
Earth Magic    | 3 6 |  6.0
Stealth        | |  2.4

Action                   |  1- 3 |  4- 6 |  7- 9 | 10-12 | 13-15 | 16-18 || total
-------------------------+-------+-------+-------+-------+-------+-------++-------
Melee: Short sword       |     9 |    46 |       |       |       |       ||    55
       Rapier            |       |       |    37 |   259 |   732 |   519 ||  1547
       Long sword        |       |       |     2 |       |       |       ||     2
       Dagger            |       |       |       |    22 |       |       ||    22
Throw: Dart              |     9 |     3 |     8 |     2 |       |       ||    22
 Cast: Freeze            |    45 |    14 |    14 |    34 |     6 |       ||   113
       Frozen Ramparts   |     3 |     8 |    14 |    41 |    58 |     5 ||   129
       Ozocubu's Armour  |       |     4 |    13 |    46 |    44 |    26 ||   133
       Hailstorm         |       |     1 |    27 |    67 |    58 |     1 ||   154
       Metabolic Englaci |       |       |     2 |     2 |    16 |     1 ||    21
       Dazzling Flash    |       |       |       |     7 |     5 |       ||    12
       Iron Shot         |       |       |       |       |    12 |   122 ||   134
       Orb of Destructio |       |       |       |       |    11 |    41 ||    52
       Passwall          |       |       |       |       |       |     1 ||     1
Evoke: Wand              |       |     2 |     6 |    12 |    15 |     9 ||    44
       Condenser vane    |       |       |       |       |     2 |     1 ||     3
       Tin of tremorston |       |       |       |       |     2 |       ||     2
  Use: Scroll            |       |     4 |     5 |     5 |    15 |     4 ||    33
       Potion            |       |       |     1 |     8 |     6 |     6 ||    21
 Stab: Sleeping          |     2 |       |     2 |     2 |       |       ||     6
       Invisible         |       |       |       |     1 |     4 |       ||     5
       Distracted        |       |       |       |     1 |       |       ||     1
       Petrified         |       |       |       |       |     1 |       ||     1
       Paralysed         |       |       |       |       |     1 |       ||     1
Armor: Robe              |    13 |       |    39 |    67 |       |       ||   119
       Leather armour    |       |    24 |       |       |       |       ||    24
       Ice dragon scales |       |       |       |   124 |   378 |       ||   502
       Troll leather arm |       |       |       |     3 |    20 |   225 ||   248
Dodge: Dodged            |    18 |    46 |    54 |   254 |   338 |   366 ||  1076
Block: Buckler           |       |       |       |    69 |   141 |   120 ||   330
       Rpst.: Long sword |       |       |     1 |       |       |       ||     1

Table legend: (Time is in decaauts)
 A = Elapsed time spent in this place.
 B = Non-inter-level travel time spent in this place.
 C = Inter-level travel time spent in this place.
 D = Time resting spent in this place.
 E = Time spent auto-exploring this place.
 F = Levels seen in this place.
 G = Mean time per level.
                   A        B        C        D        E       F      G
               +--------+--------+--------+--------+--------+-----+--------+
         Total |   9963 |   9845 |    118 |      0 |      0 |  34 |  293.0 |
       Dungeon |   4297 |   4234 |     63 |      0 |      0 |  14 |  306.9 |
          Lair |   1882 |   1828 |     54 |      0 |      0 |   6 |  313.7 |
         Swamp |   1370 |   1370 |      0 |      0 |      0 |   4 |  342.5 |
     Snake Pit |   1533 |   1533 |      0 |      0 |      0 |   4 |  383.2 |
    Slime Pits |    474 |    474 |      0 |      0 |      0 |   3 |  158.0 |
        Bailey |    175 |    175 |      0 |      0 |      0 |   1 |  175.0 |
      Ice Cave |     11 |     11 |      0 |      0 |      0 |   1 |   11.0 |
      Gauntlet |    218 |    218 |      0 |      0 |      0 |   1 |  218.0 |
               +--------+--------+--------+--------+--------+-----+--------+

Top non-repeatable levels by time:
  Lair:6: 697 daAuts
 Snake:4: 695 daAuts
     D:8: 648 daAuts
    D:11: 632 daAuts
 Swamp:4: 617 daAuts
  Lair:5: 563 daAuts
    D:12: 482 daAuts
    D:10: 426 daAuts
 Swamp:2: 423 daAuts
     D:9: 385 daAuts
     D:5: 360 daAuts
  Lair:3: 347 daAuts
     D:7: 344 daAuts
 Snake:3: 327 daAuts
     D:4: 273 daAuts
